 Dungeon Crawl Stone Soup version 0.26.1-11-gd32895ea62 (webtiles) character file.

Game seed: 7040895863542926300

2528 seveneves the Carver (level 9, -1/75 HPs)
             Began as a Minotaur Fighter on July 23, 2021.
             Killed from afar by Maggie (22 damage)
             ... with a bolt of fire
             ... on level 7 of the Dungeon.
             The game lasted 00:23:30 (5266 turns).

seveneves the Carver (Minotaur Fighter)             Turns: 5266, Time: 00:23:31

Health: -1/75      AC: 19    Str: 29    XL:     9   Next: 29%
Magic:  8/8        EV:  7    Int:  5    God:
Gold:   387        SH: 13    Dex: 11    Spells: 8/8 levels left

rFire    . . .     SeeInvis +   x - +3 hand axe (freeze)
rCold    . . .     Faith    .   c - +1 kite shield
rNeg     . . .     Spirit   .   g - +2 plate armour
rPois    .         Reflect  .   (helmet restricted)
rElec    .         Harm     .   (no cloak)
rCorr    .         Rampage  .   y - +2 pair of gloves
Will     .....                  v - +0 pair of boots
Stlth    ..........             (no amulet)
HPRegen  0.22/turn              h - ring of see invisible
MPRegen  0.11/turn              s - +6 ring of strength

@: mesmerised, hasted (expiring), very quick
A: retaliatory headbutt, horns 2
a: no special abilities


You were on level 7 of the Dungeon.
You visited 1 branch of the dungeon, and saw 7 of its levels.

You collected 387 gold pieces.

Inventory:

Hand Weapons
 a - a +0 long sword
 x - a +3 hand axe of freezing (weapon)
Missiles
 f - 6 javelins
Armour
 c - a +1 kite shield (worn)
 d - a +4 ring mail of cold resistance
 g - a +2 plate armour (worn)
 v - a +0 pair of boots (worn)
 y - a +2 pair of gloves (worn)
Jewellery
 h - a ring of see invisible (left hand)
 s - a +6 ring of strength (right hand)
Wands
 p - a wand of flame (12) (quivered)
 u - a wand of digging (6)
Scrolls
 e - a scroll of identify
 i - 2 scrolls of remove curse
 k - a scroll of amnesia {unknown}
 q - a scroll of random uselessness
Potions
 b - a potion of brilliance {unknown}
 l - 2 potions of haste


   Skills:
 + Level 6.0 Fighting
 + Level 9.1 Long Blades
 + Level 3.3 Axes
 + Level 0.6 Throwing
 + Level 7.2 Armour
 + Level 2.5 Dodging
 + Level 1.0 Stealth
 + Level 8.4 Shields
 + Level 0.5 Evocations


You had 8 spell levels left.
You didn't know any spells.
Your spell library contained the following spells:

 Spells                   Type           Power        Failure   Level
 Corona                   Hex            0%           100%        1
 Ensorcelled Hibernation  Hex/Ice        0%           100%        2
 Confusing Touch          Hex            0%           100%        3
 Dazzling Flash           Conj/Hex       0%           100%        3
 Tukima's Dance           Hex            0%           100%        3


Dungeon Overview and Level Annotations

Branches:
Dungeon (7/15)             Temple (0/1) D:5

Altars:
Ashenzari
Cheibriados
Elyvilon
Kikubaaqudgha
Trog
Uskayaw
Xom

Annotations:
D:7 Maggie


Innate Abilities, Weirdness & Mutations

You reflexively headbutt those who attack you in melee.
You have a pair of horns on your head.


Message History

Maggie is lightly wounded.
Maggie mumbles some strange words.
Maggie draws you further into her thrall.
Maggie hits you but does no damage.
You slash Maggie! You freeze Maggie.
Maggie is moderately wounded.
Maggie barely misses you. You furiously retaliate!
You headbutt Maggie! You slash Maggie! You freeze Maggie.
Maggie is severely wounded.
You block Maggie's attack.
Your shield and plate armour prevent you from hitting Maggie.
Maggie is severely wounded.
You hit Maggie. You freeze Maggie. You headbutt Maggie.
Maggie is almost dead.
Maggie barely misses you.
You hit Maggie but do no damage.
Maggie is almost dead.
Maggie gestures at you while chanting. The bolt of fire hits you!!
You die...

..... .... ... # #..
#.#..## ##.... #.....#
#..... #..@.### ###.....
#...@..#######.......
##..................#.
.......$.$............#.
...#.>..............#...
## #..........#.......[.
..####......##............
..@..............#......#.
...o............##....#.#.
....o...<....##.###.....#.


You could see Maggie (mesmerising, fast).

Vanquished Creatures
  A troll (D:7)
  Grinder (D:4)
  Eustachio (D:4)
  Menkaure (D:7)
  Duvessa (D:4)
  A water moccasin (D:6)
  An ice beast (D:6)
  A sky beast (D:5)
  3 phantoms
  An ogre (D:6)
  A centaur (D:7)
  2 bullfrogs
  Dowan (D:4)
  A wyvern skeleton (D:6)
  4 hounds
  4 orc priests
  Jessica (D:2)
  Terence (D:3)
  An iguana (D:6)
  3 orc wizards
  5 worker ants
  Robin (D:4)
  A worker ant zombie (D:7)
  4 gnolls (D:5)
  10 adders
  2 shadow imps (D:7)
  A white imp (D:6)
  An ufetubus (D:6)
  An ooze (D:5)
  An adder zombie (D:7)
  An adder skeleton (D:4)
  4 worms
  2 dart slugs
  5 leopard geckos
  13 orcs
  2 ball pythons
  7 giant cockroaches
  11 hobgoblins
  2 jackals (D:1)
  6 kobolds
  2 quokkas
  11 bats
  5 frilled lizards
  8 goblins
  A jackal skeleton (D:4)
  8 rats
146 creatures vanquished.

Notes
Turn   | Place    | Note
-------+----------+-------------------------------------------
     0 | D:1      | seveneves the Minotaur Fighter began the quest for the Orb.
     0 | D:1      | Reached XP level 1. HP: 19/19 MP: 0/0
   444 | D:1      | Reached XP level 2. HP: 20/27 MP: 1/1
   855 | D:2      | Reached XP level 3. HP: 32/33 MP: 2/2
  1121 | D:2      | Noticed Jessica
  1130 | D:2      | Killed Jessica
  1131 | D:2      | Reached skill level 3 in Long Blades
  1131 | D:2      | Reached XP level 4. HP: 28/40 MP: 3/3
  1836 | D:3      | Reached skill level 1 in Dodging
  1844 | D:3      | Reached XP level 5. HP: 28/46 MP: 4/4
  1866 | D:3      | Reached skill level 5 in Shields
  2211 | D:3      | Reached skill level 4 in Long Blades
  2237 | D:3      | Noticed Terence
  2254 | D:3      | Killed Terence
  2307 | D:3      | Reached XP level 6. HP: 52/53 MP: 5/5
  2721 | D:4      | Noticed Dowan
  2724 | D:4      | Noticed Duvessa
  2739 | D:4      | Killed Duvessa
  2740 | D:4      | Reached skill level 5 in Long Blades
  2740 | D:4      | Reached skill level 5 in Armour
  2742 | D:4      | Killed Dowan
  3000 | D:4      | Noticed Robin
  3013 | D:4      | Killed Robin
  3126 | D:4      | Noticed Grinder
  3133 | D:4      | Reached skill level 5 in Fighting
  3133 | D:4      | Reached XP level 7. HP: 61/61 MP: 6/6
  3146 | D:4      | Killed Grinder
  3147 | D:4      | Reached skill level 6 in Long Blades
  3147 | D:4      | Reached skill level 1 in Stealth
  3375 | D:4      | Noticed Eustachio
  3398 | D:4      | Killed Eustachio
  3399 | D:4      | Reached skill level 7 in Long Blades
  3547 | D:5      | Entered Level 5 of the Dungeon
  3613 | D:5      | Found a white marble altar of Elyvilon.
  3642 | D:5      | Reached XP level 8. HP: 62/68 MP: 7/7
  4034 | D:5      | Reached skill level 8 in Long Blades
  4078 | D:5      | Found an ancient bone altar of Kikubaaqudgha.
  4210 | D:5      | Found a staircase to the Ecumenical Temple.
  4378 | D:6      | Found a shimmering altar of Xom.
  4379 | D:6      | Found a hide-covered altar of Uskayaw.
  4400 | D:6      | Found a broken altar of Ashenzari.
  4400 | D:6      | Found a bloodstained altar of Trog.
  4985 | D:7      | Noticed Maggie
  4995 | D:6      | Reached skill level 9 in Long Blades
  5055 | D:7      | Reached XP level 9. HP: 75/75 MP: 8/8
  5057 | D:7      | Reached skill level 1 in Axes
  5154 | D:7      | Found a snail-covered altar of Cheibriados.
  5183 | D:7      | Noticed Menkaure
  5193 | D:7      | Killed Menkaure
  5212 | D:7      | Noticed a troll
  5229 | D:7      | Killed a troll
  5266 | D:7      | Killed from afar by Maggie

Illustrated notes

Levels and vault maps discovered:
D:1:      lightli_arrival_statue_moat, layout_loops_ring,
          minmay_misc_feat_cross, corexii_item_surrounded_by_moat
D:2:      layout_basic, uniq_jessica
D:3:      layout_loops_corners, uniq_terence
D:4:      layout_loops_ring, uniq_grinder, uniq_eustachio, uniq_duvessa,
          uniq_robin
D:5:      layout_gridville, general_overflow_altar,
          minmay_temple_entry_statues_fountains, lemuel_tele_altar
D:6:      layout_loops_ring, grunt_temple_overflow_open, minmay_checkerbox
D:7:      cheibrodos_statue_roulette, layout_rooms, slow_altar_2,
          gammafunk_temple_overflow_pools, hangedman_decor_peaks_small,
          uniq_maggie, uniq_menkaure, uniq_prince_ribbit1

Skill      XL: |  1  2  3  4  5  6  7  8  9 |
---------------+----------------------------+-----
Armour         | 4 5 6 7 |  7.2
Shields        | 4 5 6 7 8 |  8.4
Fighting       | 4 5 6 |  6.0
Long Blades    | 3 4 5 7 9 |  9.1
Dodging        | 1 2 |  2.5
Stealth        | 1 |  1.0
Axes           | 3 |  3.3
Throwing       | |  0.6
Evocations     | |  0.5

Action                   |  1- 3 |  4- 6 |  7- 9 || total
-------------------------+-------+-------+-------++-------
Melee: Long sword        |   102 |   192 |   162 ||   456
       Headbutt          |    17 |    34 |    50 ||   101
       Hand axe          |       |       |    78 ||    78
Throw: Javelin           |       |       |     4 ||     4
Evoke: Wand              |       |       |    13 ||    13
  Use: Potion            |     1 |     2 |     5 ||     8
       Scroll            |       |     9 |     9 ||    18
Armor: Scale mail        |    59 |    26 |       ||    85
       Plate armour      |       |    69 |   105 ||   174
Dodge: Dodged            |    32 |    31 |    51 ||   114
Block: Kite shield       |    72 |   126 |   140 ||   338
       Rpst.: Long sword |    10 |     5 |     6 ||    21
